 Dungeon Crawl Stone Soup version 0.28-a0-863-g8cecda6153 (webtiles) character file.

Game seed: 8429784455875166078

2712 sanka the Cleaver (level 9, -3/73 HPs)
             Began as a Palentonga Abyssal Knight on Nov 18, 2021.
             Was a Believer of Lugonu.
             Slain by an orc warrior (12 damage)
             ... on level 7 of the Dungeon on Nov 19, 2021.
             The game lasted 00:15:16 (11584 turns).

sanka the Cleaver (Palentonga Abyssal Knight)      Turns: 11584, Time: 00:15:17

Health: -3/73      AC: 15    Str: 19    XL:     9   Next: 39%
Magic:  24/24      EV:  9    Int: 11    God:    Lugonu [**....]
Gold:   379        SH:  0    Dex: 11    Spells: 8/8 levels left

rFire   . . .      SeeInvis +   a - +0 war axe
rCold   . . .      Faith    .   (no shield)
rNeg    . . .      Spirit   .   s - +0 leather armour
rPois   .          Reflect  .   c - +2 helmet
rElec   .          Harm     .   i - +0 cloak
rCorr   .          Rampage  .   (no gloves)
Will    .....                   (no barding)
Stlth   +.........              (no amulet)
HPRegen 0.22/turn               (no ring)
MPRegen 0.19/turn               x - ring of magical power

@: lethally poisoned (-3 -> -8), hasted, curled up, very quick
A: large, rugged brown scales 3, see invisible, deformed body, roll 1, armoured
tail, reflexive curl
a: Rolling Charge, Renounce Religion, Depart the Abyss, Bend Space


You were on level 7 of the Dungeon.
You worshipped Lugonu.
Lugonu was pleased with you.
You visited 1 branch of the dungeon, and saw 8 of its levels.
You visited the Abyss 1 time.
You also visited: Ossuary.

You collected 379 gold pieces.


Innate Abilities, Weirdness & Mutations

You are completely covered in rugged brown scales. (AC +3, +7% HP)
You have supernaturally acute eyesight. (SInv)
Armour fits poorly on your strangely shaped body.
You can roll at nearby foes to attack.
You have a long armoured tail.
You curl defensively after being hit. (AC +7*)


   Skills:
 - Level 6.0 Fighting
 + Level 9.7 Axes
 - Level 1.5 Armour
 - Level 0.7 Dodging
 - Level 8.0 Invocations


You had 8 spell levels left.
You didn't know any spells.
Your spell library contained the following spells:

 Spells                   Type           Power      Damage    Failure   Level
 Blink                    Tloc           0%         N/A       54%         2
 Sublimation of Blood     Necr           0%         N/A       54%         2
 Lesser Beckoning         Tloc           0%         N/A       77%         3
 Ozocubu's Armour         Ice            0%         N/A       77%         3
 Petrify                  Tmut/Erth      0%         N/A       99%         4
 Irradiate                Conj/Tmut      0%         3d14      100%        5
 Manifold Assault         Tloc           0%         N/A       100%        5
 Metabolic Englaciation   Hex/Ice        0%         N/A       100%        5
 Simulacrum               Ice/Necr       0%         N/A       100%        6

Inventory:

Hand Weapons
 a - a +0 war axe (weapon)
 b - a +1 hand axe of flaming
Armour
 c - a +2 helmet (worn)
 i - a +0 cloak (worn)
 s - a +0 leather armour (worn)
Magical Staves
 e - a staff of earth
Jewellery
 x - a ring of magical power (right hand)
Scrolls
 d - a scroll of vulnerability {!r}
 n - a scroll of blinking
 o - 2 scrolls of fog
 p - a scroll of silence {unknown}
 q - 4 scrolls of teleportation {@r4}
 t - a scroll of amnesia
 v - 2 scrolls of enchant armour
 w - a scroll of magic mapping {unknown}
 y - a scroll of fear {unknown}
Potions
 f - 2 potions of haste {@q3}
 g - a potion of magic {unknown}
 h - 4 potions of heal wounds {unknown}
 j - 4 potions of curing {unknown}
 k - 3 potions of degeneration {unknown}
 l - 2 potions of flight {unknown}
 m - 2 potions of ambrosia {unknown}
 r - 2 potions of attraction {unknown}
 u - a potion of lignification {!q}

Dungeon Overview and Level Annotations

Branches:
Dungeon (8/15)             Temple (0/1) D:6         Ossuary (visited)
   Lair: D:8-11

Altars:
Fedhas
Hepliaklqana
Vehumet
The Shining One

Annotations:
D:3 3 runed translucent doors, amoeba's ghost, amateur MiFi
Abyss:1 Duvessa

....<.....▒▒ ▒...▒ ▒▒.
........▒.▒ ▒._.▒ ▒▒ ...)..▒▒▒▒▒
▒...▒ ......▒ ▒▒▒▒▒
......▒▒▒▒▒▒▒▒▒▒▒▒▒ ▒▒▒▒▒▒
....>.....''......▒ ▒.....
..........▒▒......▒▒▒▒▒▒▒▒ ▒.▒...
▒▒▒▒......▒▒▒▒▒▒▒o.......▒▒▒....▒
▒............H........'.......
▒▒▒▒▒▒▒▒...▒▒▒▒.......▒▒......
▒...▒ ▒.▒▒▒▒▒.▒▒......
▒▒...▒▒▒▒.▒ ▒.▒▒......
▒.......▒.▒▒ ▒.▒▒▒▒....
▒.......▒..▒▒ ▒.▒ ▒....
▒.......'...▒▒▒.▒▒▒▒....
▒.......▒▒.......<▒▒....
▒▒▒▒▒........▒▒.▒▒▒▒.▒▒▒


You could see an orc warrior.


Message History

You feel extremely sick.
There is a stone staircase leading down here.
Unknown command.
You feel very sick.
You feel very sick.
You feel very sick.
Here: an orc warrior, wielding a +2 war axe of venom and wearing a +0 chain mail The floor.
You feel sick.
You feel sick.
You feel sick.
There is a large open door here.
You feel sick.
There is a large open door here.
You feel sick.
You feel sick.
You feel sick.
The orc warrior sings a few bars from the Orcish anthem.
You feel sick.
You are no longer poisoned.
The orc warrior hits you with a +2 war axe of venom.
* * * LOW HITPOINT WARNING * * *
You are poisoned.
You feel very sick.
You feel very sick.
You feel sick.
You feel yourself speed up.
You feel sick.
The orc warrior hits you with a +2 war axe of venom!
You die...

Action                   |  1- 3 |  4- 6 |  7- 9 || total
-------------------------+-------+-------+-------++-------
Melee: Hand axe          |    80 |   176 |   102 ||   358
       Tailslap          |    11 |    20 |    48 ||    79
       Unarmed           |    15 |       |       ||    15
       War axe           |       |       |   223 ||   223
Invok: Depart the Abyss  |     1 |       |       ||     1
       Banish            |       |       |     6 ||     6
 Abil: Rolling Charge    |       |       |    10 ||    10
  Use: Potion            |     2 |       |     1 ||     3
       Scroll            |       |     5 |     4 ||     9
Armor: Leather armour    |    34 |    95 |   155 ||   284
       Skin              |    12 |       |       ||    12
Dodge: Dodged            |    35 |    82 |   144 ||   261

Levels and vault maps discovered:
D:1:      elethiomel_arrival_infinity_welcomes_careful_drivers,
          layout_loops_ring
D:2:      layout_basic
D:3:      layout_basic, lemuel_round_altar, gammafunk_ghost_icy
D:4:      layout_loops_ring
D:5:      minmay_bubble_buster, layout_basic, vehumet_statue,
          nicolae_ossuary_entry_plus
D:6:      layout_basic, minmay_temple_entry_poolview
D:7:      layout_basic, fedhas_ov_isle_minmay, nicolae_tso_carved_into_rock,
          kennysheep_generic_room_13, uniq_duvessa
D:8:      layout_loops_ring, roderic_serpentine_path, kennysheep_diamond,
          nrook_pool_corridor

Notes
Turn   | Place    | Note
-------+----------+-------------------------------------------
     0 | Abyss:1  | sanka the Palentonga Abyssal Knight began the quest for the
                  | Orb.
     0 | Abyss:1  | Reached XP level 1. HP: 19/19 MP: 2/2
    23 | Abyss:1  | Noticed a small abomination
    28 | Abyss:1  | Noticed a smoke demon
    29 | Abyss:1  | Found an ornate altar of the Wu Jian Council.
    33 | D:1      | Escaped the Abyss
   416 | D:1      | Reached XP level 2. HP: 25/25 MP: 3/3
   461 | D:1      | Reached skill level 3 in Axes
   520 | D:1      | Reached * piety under Lugonu
  1140 | D:2      | HP: 2/25 [worm (10)]
  1253 | D:2      | Reached XP level 3. HP: 13/31 MP: 4/4
  2116 | D:3      | Noticed amoeba's ghost (amateur MiFi)
  2142 | D:3      | Found a runed translucent gate.
  2142 | D:3      | Found a runed translucent gate.
  2142 | D:3      | Found a runed translucent gate.
  2403 | D:3      | Reached skill level 4 in Axes
  2561 | D:3      | Noticed a water moccasin
  2583 | D:3      | Killed a water moccasin
  2584 | D:3      | Reached skill level 5 in Axes
  2584 | D:3      | Reached XP level 4. HP: 37/37 MP: 5/5
  2584 | D:3      | Reached XP level 5. HP: 43/43 MP: 6/6
  2973 | D:3      | Reached ** piety under Lugonu
  3157 | D:3      | Found a hazy altar of Hepliaklqana.
  3287 | D:4      | Noticed a black bear
  3614 | D:4      | Reached skill level 6 in Axes
  3817 | D:4      | Noticed a black bear
  3934 | D:4      | Reached skill level 3 in Invocations
  3935 | D:4      | Reached XP level 6. HP: 32/50 MP: 6/8
  4218 | D:5      | Entered Level 5 of the Dungeon
  4514 | D:5      | Reached skill level 4 in Invocations
  4542 | D:5      | Found a sand-covered staircase.
  4547 | Ossuary  | Entered an ossuary
  4773 | Ossuary  | Reached skill level 5 in Invocations
  4869 | Ossuary  | Reached *** piety under Lugonu
  4908 | Ossuary  | Gained mutation: You curl defensively after being hit. (AC
                  | +7*) [Palentonga growth]
  4908 | Ossuary  | Reached XP level 7. HP: 54/55 MP: 9/11
  4950 | Ossuary  | Reached skill level 6 in Invocations
  5236 | D:5      | HP: 4/55 [ogre (18)]
  5635 | D:5      | Reached skill level 7 in Invocations
  5988 | D:5      | Found a radiant altar of Vehumet.
  6494 | D:5      | Reached skill level 8 in Invocations
  6504 | D:5      | Reached XP level 8. HP: 56/62 MP: 14/14
  6849 | D:4      | Reached skill level 4 in Fighting
  6998 | D:4      | Reached skill level 7 in Axes
  7162 | D:4      | Reached skill level 5 in Fighting
  7855 | D:6      | Found a staircase to the Ecumenical Temple.
  8561 | D:6      | Reached skill level 6 in Fighting
  8561 | D:6      | Reached skill level 8 in Axes
  9219 | D:6      | Reached XP level 9. HP: 35/73 MP: 15/15
  9977 | D:7      | Noticed Duvessa
  9982 | D:7      | Noticed Dowan
 10049 | D:7      | Identified the +0 chain mail of Baojer {rC+ rN+ Str+3
                  | Stlth-}
 10274 | D:7      | Banished Duvessa
 10275 | D:7      | Reached skill level 9 in Axes
 10276 | D:7      | Killed Dowan
 10533 | D:7      | Found a blossoming altar of Fedhas.
 10599 | D:6      | HP: 2/73 [orc warrior (6)]
 11171 | D:7      | Found a glowing golden altar of the Shining One.
 11584 | D:7      | Slain by an orc warrior

Vanquished Creatures
  A water moccasin (D:3)
  A necrophage (D:6)
  An ice beast (D:6)
  A hornet zombie (D:7)
  3 black bears
  2 ogres (D:4)
  A kobold brigand (D:5)
  A phantom (D:6)
  2 bullfrogs
  2 scorpions
  A wyvern zombie (D:6)
  4 water moccasin zombies (Ossuary)
  Dowan (D:7)
  A water moccasin skeleton (D:4)
  2 howler monkeys (D:8)
  A bullfrog zombie (D:5)
  A centaur zombie (D:5)
  A gnoll shaman (D:5)
  3 jellies
  2 bullfrog skeletons
  An orc priest (D:4)
  An iguana (D:5)
  4 orc wizards
  A statue (D:5)
  2 mummies (Ossuary)
  3 gnolls (D:5)
  9 adders
  3 white imps
  2 ufetubi (D:5)
  2 adder zombies (Ossuary)
  An adder skeleton (D:4)
  4 worms
  5 dart slugs
  23 orcs
  2 bats
  4 endoplasms
  3 giant cockroaches
  2 gnoll zombies (Ossuary)
  3 goblins
  5 hobgoblins
  13 jackals
  5 quokkas
  6 ball pythons
  2 frilled lizards (D:3)
  A hobgoblin zombie (Ossuary)
  7 kobolds
  2 kobold zombies (Ossuary)
  4 orc zombies (Ossuary)
  2 rats
154 creatures vanquished.

Vanquished Creatures (others)
  2 plants (D:7)
2 creatures vanquished.

Grand Total: 156 creatures vanquished
